 Dungeon Crawl Stone Soup version 0.30.0-5-g1a98f26d00 (webtiles) character file.

Game seed: 6467770906764760684

50 AarnesTheHuman the Trooper (level 3, 0/33 HPs)
             Began as a Hill Orc Fighter on May 11, 2023.
             Succumbed to an adder's poison
             ... on level 3 of the Dungeon.
             The game lasted 00:01:50 (1826 turns).

AarnesTheHuman the Trooper (Hill Orc Fighter)       Turns: 1826, Time: 00:01:50

Health: 0/33       AC:  7    Str: 17 (20) XL:     3   Next: 79%
Magic:  3/3        EV:  9    Int:  6 (8)  God:
Gold:   96         SH:  4    Dex:  8 (10) Spells: 2/2 levels left

rFire   . . .        a - +0 war axe
rCold   . . .        c - +0 buckler
rNeg    . . .        b - +0 scale mail
rPois   .            (no helmet)
rElec   .            (no cloak)
rCorr   .            (no gloves)
SInv    .            (no boots)
Will    .....        (no amulet) Stlth
                     (no ring)
HPRegen 0.25/turn    (no ring)
MPRegen 0.08/turn

%: no passive effects
@: lethally poisoned (0 -> 0)
A: no striking features
a: no special abilities


You were on level 3 of the Dungeon.
You visited 1 branch of the dungeon, and saw 3 of its levels.

You collected 96 gold pieces.

Inventory:

Hand Weapons
 a - a +0 war axe (weapon)
 e - a +1 short sword of speed
 p - a +0 dagger of protection
Missiles
 f - 3 poisoned darts (quivered)
 j - 28 stones
 o - a throwing net
Armour
 b - a +0 scale mail (worn)
 c - a +0 buckler (worn)
Jewellery
 q - a +5 ring of evasion
Scrolls
 g - 5 scrolls of teleportation
 i - 3 scrolls of identify
 k - a scroll of enchant weapon {unknown}
 l - a scroll of immolation {unknown}
 n - a scroll of fear
Potions
 d - a potion of might


   Skills:
 + Level 4.1 Fighting
 + Level 3.5 Axes
 + Level 3.8 Armour
 + Level 3.7 Shields


You had 2 spell levels left.
You didn't know any spells.
Your spell library was empty.

Dungeon Overview and Level Annotations

Branches:
Dungeon (3/15)

Altars:

Portals:
Sewer: D:3


Message History

There is a stone staircase leading up here.
The adder bites you.
You are poisoned.
The adder poisons you! The adder bites you.
You are more poisoned.
The adder poisons you!
You see here a fizzy brown potion.
You feel very sick.
The adder bites you but does no damage. x2; The adder barely misses you.
You feel sick. The adder bites you but does no damage. The adder bites you.
You are more poisoned.
The adder poisons you!
You feel very sick. You block the adder's attack. The adder closely misses you.
You block the adder's attack.
You feel sick. The adder barely misses you. You block the adder's attack.
You feel sick. The adder barely misses you. The adder bites you. x2
You are more poisoned.
The adder poisons you!
You feel very sick. The adder bites you.
The adder bites you but does no damage.
You feel sick. The adder barely misses you.
The adder bites you but does no damage. x2
You feel sick. The adder closely misses you.
The adder bites you but does no damage. You block the adder's attack.
You feel sick. The adder bites you but does no damage. The adder bites you.
* * * LOW HITPOINT WARNING * * *
* * * LOW HITPOINT WARNING * * *
You feel sick. The adder barely misses you. You block the adder's attack.
The adder closely misses you.
* * * LOW HITPOINT WARNING * * *
You feel sick. You block the adder's attack. The adder barely misses you. x2
* * * LOW HITPOINT WARNING * * *
You feel sick. The adder barely misses you. You block the adder's attack.
The giant cockroach barely misses you.
* * * LOW HITPOINT WARNING * * *
You feel sick. The adder bites you but does no damage.
You block the adder's attack. You block the giant cockroach's attack.
The adder bites you but does no damage.
You die...

#~~~~~#....S...
#~~∩~~'.....#
#~~~~S#.##..##
#######......#
........####.#
.#.#....# #.#
........####.#######
...##.....#........#
... ##...<.B@S.....#
.. ####....S.....#
##.........#
##.........
#........#
..........
#######.## .#


You could see 2 adders and a giant cockroach.

Vanquished Creatures
  An adder (D:3)
  A worm (D:2)
  4 ball pythons (D:1)
  3 bats
  3 endoplasms
  2 giant cockroaches
  3 goblins
  4 hobgoblins
  6 kobolds
  5 frilled lizards
  2 rats (D:1)
34 creatures vanquished.

Notes
Turn   | Place    | Note
-------+----------+-------------------------------------------
     0 | D:1      | AarnesTheHuman the Hill Orc Fighter began the quest for the
                  | Orb.
     0 | D:1      | Reached XP level 1. HP: 19/19 MP: 1/1
   143 | D:1      | Reached XP level 2. HP: 27/27 MP: 2/2
   883 | D:1      | Reached skill level 4 in Fighting
   948 | D:1      | Reached XP level 3. HP: 28/33 MP: 3/3
  1671 | D:3      | Found a glowing drain.
  1825 | D:3      | HP: 1/33 [poisoned by an adder]
  1826 | D:3      | Succumbed to an adder's poison

Illustrated notes

Levels and vault maps discovered:
D:1:      dpeg_arrival_round_c, layout_basic
D:2:      layout_loops_ring, kennysheep_donut, minmay_statues_item,
          kennysheep_nondescript
D:3:      layout_rooms, serial_shops, nicolae_book_shop_shelving,
          gup_sewer_entry_glass

Skill      XL: |  1  2 |
---------------+-------+-----
Axes           | 3 |  3.5
Fighting       | 4 |  4.1
Armour         | |  3.8
Shields        | |  3.7

Action                     || total
---------------------------++-------
  Melee: War axe           ||   109
    Use: Potion            ||     4
         Scroll            ||     2
 Armour: Scale mail        ||    82
  Dodge: Dodged            ||    63
  Block: Buckler           ||    35
